 Dungeon Crawl Stone Soup version 0.30.1-1-g62c8e00024 (webtiles) character file.

Game seed: 9841605288399773734

431 Peloso the Slasher (level 6, -18/53 HPs)
             Began as a Minotaur Fighter on July 14, 2023.
             Demolished by an ogre
             ... wielding a +0 giant club
              (23 damage)
             ... on level 5 of the Dungeon.
             The game lasted 00:07:03 (3658 turns).

Peloso the Slasher (Minotaur Fighter)               Turns: 3658, Time: 00:07:03

Health: -18/53     AC:  7    Str: 21    XL:     6   Next: 67%
Magic:  5/5        EV: 10    Int:  5    God:
Gold:   950        SH:  5    Dex: 11    Spells: 5/5 levels left

rFire   . . .        a - +0 long sword
rCold   + . .        c - +0 buckler
rNeg    . . .        b - +0 scale mail
rPois   .            (helmet restricted)
rElec   .            (no cloak)
rCorr   .            (no gloves)
SInv    .            (no boots)
Will    .....        (no amulet) Stlth
                     j - ring of protection from cold
HPRegen 0.28/turn    (no ring)
MPRegen 0.09/turn

%: no passive effects
@: no status effects
A: horns 2, retaliatory headbutt
a: no special abilities


You were on level 5 of the Dungeon.
You visited 1 branch of the dungeon, and saw 5 of its levels.

You collected 950 gold pieces.

Inventory:

Hand Weapons
 a - a +0 long sword (weapon)
Armour
 b - a +0 scale mail (worn)
 c - a +0 buckler (worn)
Jewellery
 j - a ring of protection from cold (left hand)
 l - a +6 ring of intelligence
Wands
 f - a wand of flame (16)
 s - a wand of roots (6)
Scrolls
 e - a scroll of teleportation
 g - 2 scrolls of fog
 h - a scroll of silence
 i - a scroll of enchant armour
 n - a scroll of brand weapon
 o - a scroll of fear
 q - a scroll of amnesia {unknown}
 u - a scroll of poison {unknown}
 x - a scroll of blinking {unknown}
Potions
 d - a potion of might
 k - a potion of flight
 m - a potion of invisibility
 p - 2 potions of brilliance
 r - a potion of mutation {unknown}
 t - a potion of haste {unknown}
 w - a potion of curing


   Skills:
 + Level 4.7 Fighting
 + Level 5.6 Long Blades
 + Level 5.3 Armour
 + Level 2.0 Dodging
 + Level 0.6 Stealth
 + Level 4.8 Shields


You had 5 spell levels left.
You didn't know any spells.
Your spell library contained the following spells:

 Spells                   Type           Power      Damage    Failure   Level
 Sandblast                Erth           0%         2d4       86%         1
 Ensorcelled Hibernation  Hex/Ice        0%         N/A       94%         2
 Passwall                 Tmut/Erth      0%         N/A       94%         2
 Inner Flame              Hex/Fire       0%         N/A       99%         3
 Ozocubu's Armour         Ice            0%         N/A       99%         3
 Stone Arrow              Conj/Erth      0%         3d7       99%         3
 Summon Guardian Golem    Hex/Summ       0%         N/A       99%         3
 Swiftness                Air            0%         N/A       99%         3
 Flame Wave               Conj/Fire      0%         2d4       100%        4
 Sticky Flame             Conj/Fire      0%         2d3       100%        4
 Orb of Destruction       Conj           0%         9d5       100%        7
 Ozocubu's Refrigeration  Ice            0%         4d7       100%        7
 Spellforged Servitor     Conj/Summ      0%         N/A       100%        7


Dungeon Overview and Level Annotations

Branches:
Dungeon (5/15)
 Temple: D:4-7

Altars:
Fedhas
Makhleb
Sif Muna
Uskayaw
Xom
Yredelemnul

Shops:
D:3 =


Innate Abilities, Weirdness & Mutations

You have a pair of horns on your head.
You reflexively headbutt those who attack you in melee.


Message History

The iguana is almost dead.
The iguana bites you!
You hit the iguana.
You kill the iguana!
You see here an iguana corpse.
An ogre comes into view. It is wielding a +0 giant club.
The ogre shouts!
Aiming: Fastroot
Press: ? - help, Shift-Dir - straight line, f - ogre
Aim: an ogre, wielding a +0 giant club The roots erupt in riotous growth!
Roots grab the ogre.
The grasping roots constrict the ogre.
The ogre escapes!
Unknown command.
Aiming: Fastroot
Press: ? - help, Shift-Dir - straight line, f/p - ogre
Aim: an ogre, wielding a +0 giant club (lightly wounded)
The roots erupt in riotous growth!
Roots grab the ogre.
You hear the slow hiss of a very distant avalanche of sand.
The grasping roots constrict the ogre.
The ogre struggles to escape constriction.
The grasping roots constrict the ogre.
The roots release their grip on the ogre.
You hit the ogre.
The ogre is heavily wounded.
You block the ogre's attack.
You barely miss the ogre.
The ogre is heavily wounded.
The ogre hits you with a +0 giant club!
* * * LOW HITPOINT WARNING * * *
You hit the ogre. Your headbutt misses the ogre.
The ogre is severely wounded.
You block the ogre's attack.
You hit the ogre. Your headbutt misses the ogre.
The ogre is severely wounded.
You barely miss the ogre.
The ogre is severely wounded.
The ogre hits you with a +0 giant club!!
You die...

###########
######...@O....#
#.)...†(######.#
########../....#
..................#
####.###>......##.#
#...##.......# #
#.....######....
##...## ##.##.
##.## ... #


You could see an ogre.

Vanquished Creatures
  An ogre (D:5)
  A scorpion (D:4)
  An orc priest (D:5)
  An iguana (D:5)
  7 gnolls
  6 adders
  A white imp (D:4)
  3 worms
  2 dart slugs
  8 orcs
  10 endoplasms
  A giant cockroach (D:3)
  5 hobgoblins
  8 jackals (D:3)
  10 ball pythons
  8 bats
  7 frilled lizards
  10 goblins
  7 kobolds
  3 rats
100 creatures vanquished.

Notes
Turn   | Place    | Note
-------+----------+-------------------------------------------
     0 | D:1      | Peloso the Minotaur Fighter began the quest for the Orb.
     0 | D:1      | Reached XP level 1. HP: 19/19 MP: 0/0
    82 | D:1      | Reached XP level 2. HP: 27/27 MP: 1/1
   371 | D:1      | Reached XP level 3. HP: 32/33 MP: 2/2
   766 | D:1      | Identified a scroll of acquirement
   766 | D:1      | Acquired 753 gold pieces
   936 | D:2      | Found a basalt altar of Yredelemnul.
  1765 | D:3      | Identified the +2 ring mail "Muaza" {+Blink}
  1815 | D:3      | Reached XP level 4. HP: 40/40 MP: 3/3
  1949 | D:3      | Found a hide-covered altar of Uskayaw.
  2089 | D:2      | HP: 2/40 [gnoll/+0 whip (3)]
  2230 | D:3      | Reached skill level 1 in Dodging
  2337 | D:3      | Found a shimmering altar of Xom.
  2337 | D:3      | Found a shimmering blue altar of Sif Muna.
  2427 | D:3      | Found Yseanoenit's Jewellery Emporium.
  2452 | D:3      | Found a blossoming altar of Fedhas.
  2453 | D:3      | Found a burning altar of Makhleb.
  2742 | D:3      | Reached XP level 5. HP: 46/46 MP: 4/4
  3357 | D:4      | Reached skill level 5 in Long Blades
  3357 | D:4      | Reached XP level 6. HP: 46/53 MP: 5/5
  3555 | D:5      | Entered Level 5 of the Dungeon
  3586 | D:5      | Reached skill level 5 in Armour
  3658 | D:5      | Demolished by an ogre

Illustrated notes

Levels and vault maps discovered:
D:1:      erik_arrival_cave_to_civilisation [erik_arrival_cave_to_hall],
          layout_basic
D:2:      layout_basic, basic_altar, st_stairs_1
D:3:      layout_loops_ring, old_standard_altar, nicolae_overflow_squiral,
          chequers_temple_overflow_statue_of_worship, serial_shops, shop,
          minivault_19, nicolae_concentric_dashed_squares_mild
D:4:      layout_gridville, grunt_ministairs_9
D:5:      layout_loops_corners, nzn_hepliaklqana_mist_gate,
          nicolae_ossuary_entry_ruins

Skill      XL: |  1  2  3  4  5  6 |
---------------+-------------------+-----
Armour         | 4 5 |  5.3
Shields        | 4 |  4.8
Fighting       | 4 |  4.7
Long Blades    | 3 4 5 |  5.6
Dodging        | 1 2 |  2.0
Stealth        | |  0.6

Action                     |  1- 3 |  4- 6 || total
---------------------------+-------+-------++-------
  Melee: Long sword        |   110 |   137 ||   247
         Headbutt          |    18 |    23 ||    41
  Evoke: Wand              |       |     2 ||     2
    Use: Scroll            |     8 |     4 ||    12
         Potion            |     2 |     1 ||     3
 Armour: Scale mail        |    60 |    41 ||   101
  Dodge: Dodged            |    70 |    62 ||   132
  Block: Buckler           |    28 |    42 ||    70
